[Event "Titled Tuesday Blitz February 28 Early 2023"]
[White "Hajiyev, Kanan"]
[Black "Hartikainen, Jarmo"]
[WhiteFideId "13404148"]
[BlackFideId "503134"]
[WhiteElo "2103"]
[BlackElo "2199"]
[Result "1-0"]
[Round "06"]
[TimeControl "180+2"]
[Date "2023.02.28"]
[WhiteClock "0:00:33"]
[BlackClock "0:00:16"]

1. d4 Nf6 2. c4 g6 3. Nf3 d5 4. cxd5 Nxd5 5. e4 Nb6 6. a4 a5 7. Nc3 Bg7 8. h3 O-O 9. Bg5 Nc6 10. d5 Ne5 11. Nxe5 Bxe5 12. Bh6 Re8 13. Bb5 Bd7 14. O-O Bxb5 15. axb5 e6 16. f4 Bh8 17. dxe6 fxe6 18. Qg4 Qf6 19. e5 Qf5 20. Qxf5 gxf5 21. Rfd1 Bg7 22. Bg5 Bf8 23. g4 Be7 24. Bxe7 Rxe7 25. gxf5 exf5 26. Kf2 Rd7 27. Rxd7 Nxd7 28. Nd5 Nc5 29. Ke3 Rd8 30. Ne7+ Kf7 31. Nxf5 Rd3+ 32. Ke2 Rb3 33. Rxa5 Rxb2+ 34. Ke3 Rb3+ 35. Ke2 Rxh3 36. Ra8 Rh2+ 37. Kf3 Rh3+ 38. Kg4 Rb3 39. Rh8 Rxb5 40. Rxh7+ Ke6 41. Nd4+ Kd5 42. Nxb5 Ne6 43. Nxc7+ Nxc7 44. Rxc7 b5 45. Kf5 b4 46. e6 Kd6 47. Rb7 b3 48. Rxb3 Ke7 49. Ke5 Ke8 50. Rb7 Kd8 51. Kd6 Kc8 52. Rb6 1-0


[Site "https://www.chess.com"]

[Event "Titled Tuesday Blitz February 28 Early 2023"]
[White "Kiseljova, Marya"]
[Black "Pourkashiyan, Atousa"]
[WhiteFideId "4155009"]
[BlackFideId "12502014"]
[WhiteElo "1807"]
[BlackElo "2228"]
[Result "0-1"]
[Round "06"]
[TimeControl "180+2"]
[Date "2023.02.28"]
[WhiteClock "0:00:02"]
[BlackClock "0:00:33"]

1. d4 Nf6 2. c4 e6 3. Nf3 d5 4. g3 Bb4+ 5. Nbd2 O-O 6. Bg2 Nbd7 7. O-O c5 8. cxd5 exd5 9. a3 Bxd2 10. Bxd2 Ne4 11. Bf4 c4 12. Nd2 Ndf6 13. Rc1 Be6 14. f3 Nxd2 15. Qxd2 Re8 16. e4 Rc8 17. Bg5 h6 18. Be3 dxe4 19. fxe4 Ng4 20. Bf4 Qb6 21. h3 Nf6 22. Kh2 Red8 23. Rfd1 Nh5 24. Be3 Qd6 25. e5 Qd7 26. Qe2 g6 27. Bxh6 Bd5 28. Qf2 Kh7 29. Bg5 Re8 30. Rf1 Rc7 31. g4 Ng7 32. Qh4+ Kg8 33. Rcd1 c3 34. bxc3 Rxc3 35. Bd2 Rc2 36. Qf2 Bxg2 37. Kxg2 Qd5+ 38. Qf3 Qxd4 39. Kg3 Qxe5+ 40. Bf4 Qe2 41. Qxe2 Rexe2 0-1


[Site "https://www.chess.com"]

[Event "Titled Tuesday Blitz February 28 Early 2023"]
[White "Fan_Of_Chucky"]
[Black "Bongo Akanga Ndjila, Barthelemy"]
[BlackFideId "10609431"]
[WhiteElo "2396"]
[BlackElo "1768"]
[Result "1-0"]
[Round "06"]
[TimeControl "180+2"]
[Date "2023.02.28"]
[WhiteClock "0:02:02"]
[BlackClock "0:01:52"]

1. d4 d5 2. c4 e6 3. Nf3 Nf6 4. g3 dxc4 5. Bg2 c5 6. O-O Bd7 7. Ne5 Qc8 8. Nd2 cxd4 9. Ndxc4 Nc6 10. Bf4 Be7 11. Nxd7 Qxd7 12. Qb3 O-O 13. Ne5 Nxe5 14. Bxe5 Nd5 15. Rfd1 Bf6 16. Bxd4 Bxd4 17. Rxd4 Rfd8 18. e4 1-0


[Site "https://www.chess.com"]

[Event "Titled Tuesday Blitz February 28 Early 2023"]
[White "Seifert, Henryk"]
[Black "Hoffmann, Asa"]
[WhiteFideId "1100963"]
[BlackFideId "2001470"]
[WhiteElo "2071"]
[BlackElo "2117"]
[Result "0-1"]
[Round "06"]
[TimeControl "180+2"]
[Date "2023.02.28"]
[WhiteClock "0:00:01"]
[BlackClock "0:01:36"]

1. e4 d6 2. d4 Nf6 3. Bd3 e5 4. c3 Nc6 5. Nf3 Bg4 6. d5 Ne7 7. Nbd2 Ng6 8. h3 Bd7 9. g3 Be7 10. Nc4 O-O 11. Ne3 c6 12. c4 cxd5 13. cxd5 Ne8 14. h4 h6 15. h5 Nh8 16. g4 f6 17. Nf5 Bxf5 18. gxf5 Nf7 19. Nh4 Ng5 20. Ng6 Rf7 21. Qg4 Qd7 22. f4 exf4 23. Bxf4 Bd8 24. O-O Bb6+ 25. Kh1 Bd4 26. Rab1 Rc8 27. Bd2 a6 28. Nf4 Qa4 29. Ne6 Be5 30. Bxg5 fxg5 31. f6 Nxf6 32. Qf5 Qe8 0-1


[Site "https://www.chess.com"]

[Event "Titled Tuesday Blitz February 28 Early 2023"]
[White "Vaglio Munoz, Jaime"]
[Black "Ricaurte Lopez, Juan Carlos"]
[WhiteFideId "6500145"]
[BlackFideId "3600327"]
[WhiteElo "2199"]
[BlackElo "2209"]
[Result "1-0"]
[Round "06"]
[TimeControl "180+2"]
[Date "2023.02.28"]
[WhiteClock "0:00:56"]
[BlackClock "0:00:01"]

1. d4 d5 2. c4 e6 3. Nf3 c5 4. cxd5 exd5 5. g3 Nc6 6. Bg2 Nf6 7. O-O Be7 8. a3 O-O 9. dxc5 Bxc5 10. b4 Bb6 11. Bb2 Re8 12. Nc3 Bg4 13. h3 Bh5 14. Nb5 Ne4 15. e3 a5 16. g4 Bg6 17. bxa5 Rxa5 18. a4 h5 19. Nfd4 hxg4 20. Qxg4 Ne5 21. Qd1 Nc4 22. Bc3 Ra8 23. Qg4 Ne5 24. Qd1 Qd7 25. Bb4 Ba5 26. Bxa5 Rxa5 27. Rc1 Nc4 28. Nc3 Nxc3 29. Rxc3 Rea8 30. Nb5 Nb6 31. Rc7 Qf5 32. Nd4 Qe5 33. Rxb7 Nxa4 34. Nc6 Qg5 35. Nxa5 Rxa5 36. Qg4 Qe5 37. Rd7 1-0


[Site "https://www.chess.com"]

[Event "Titled Tuesday Blitz February 28 Early 2023"]
[White "Valle Maytin, Luis Enrique"]
[Black "Kriti Mayur Patel"]
[WhiteFideId "3503666"]
[BlackFideId "35061780"]
[WhiteElo "2225"]
[BlackElo "1306"]
[Result "1-0"]
[Round "06"]
[TimeControl "180+2"]
[Date "2023.02.28"]
[WhiteClock "0:00:15"]
[BlackClock "0:00:15"]

1. e4 e5 2. Nf3 Nc6 3. Bb5 a6 4. Ba4 b5 5. Bb3 Nf6 6. O-O Bc5 7. c3 O-O 8. Re1 d6 9. h3 h6 10. a4 Rb8 11. d4 Bb6 12. Be3 Bb7 13. Nbd2 exd4 14. cxd4 Nb4 15. d5 Nd3 16. Re2 Nxb2 17. Qc2 Nxa4 18. Nd4 Nc5 19. Nf5 Re8 20. Bd4 Nxb3 21. Qxb3 Bxd4 22. Nxd4 Nxd5 23. exd5 Qf6 24. Rxe8+ Rxe8 25. N2f3 Re4 26. Rd1 Bc8 27. Qd3 Re8 28. Nc6 Bf5 29. Qd4 Qg6 30. Nh4 Qg5 31. Nxf5 Qxf5 32. Qd2 Qf6 33. Re1 Rxe1+ 34. Qxe1 Kh7 35. Qe4+ g6 36. Qe8 Qh8 37. Qxf7+ Qg7 38. Qxg7+ Kxg7 39. Kf1 Kf6 40. Ke2 Kf5 41. Ke3 Kf6 42. f4 Kf5 43. g4+ Kf6 44. Ke4 h5 45. g5+ Kf7 46. h4 Ke8 47. Kd4 Kd7 48. Kc3 Ke8 49. Kb4 Kf7 50. Ka5 Ke8 51. Kxa6 Kd7 52. Kxb5 Kc8 53. Ka6 Kd7 54. Kb7 Ke8 55. Kxc7 Kf7 56. Kxd6 Kg7 57. Ne5 Kh7 58. Ke6 Kh8 59. d6 Kh7 60. d7 Kg7 61. d8=Q Kh7 62. Qe7+ Kh8 63. Nxg6+ Kg8 64. Qf7# 1-0


[Site "https://www.chess.com"]

[Event "Titled Tuesday Blitz February 28 Early 2023"]
[White "Kalaiyalahan, Akshaya"]
[Black "Fernandez Garcia, Gumersindo"]
[WhiteFideId "422894"]
[BlackFideId "24516740"]
[WhiteElo "2043"]
[BlackElo "2093"]
[Result "1/2-1/2"]
[Round "06"]
[TimeControl "180+2"]
[Date "2023.02.28"]
[WhiteClock "0:00:05"]
[BlackClock "0:00:27"]

1. d4 Nf6 2. c4 e6 3. g3 d5 4. Bg2 Be7 5. Nf3 O-O 6. O-O dxc4 7. Ne5 Nc6 8. Bxc6 bxc6 9. Nxc6 Qe8 10. Nxe7+ Qxe7 11. Bg5 h6 12. Bd2 c5 13. dxc5 Qxc5 14. Na3 Bb7 15. Be3 Qc6 16. f3 Rfd8 17. Qc2 Nd5 18. Bf2 c3 19. e4 cxb2 20. Qxb2 Nb6 21. Rac1 Qa4 22. Rc7 Ba6 23. Re1 Rdc8 24. Rxc8+ Rxc8 25. Qb3 Qxb3 26. axb3 Rc3 27. Nc4 Bxc4 28. bxc4 Rxc4 29. Ra1 Rc7 30. Ra6 Rb7 31. Kf1 Kf8 32. Bc5+ Ke8 33. Bd4 g6 34. Ke2 Kd7 35. f4 Kc6 36. Kf3 Kb5 37. Ra1 a5 38. h4 h5 39. g4 hxg4+ 40. Kxg4 a4 41. Rb1+ Ka6 42. Ra1 Ka5 43. f5 exf5+ 44. exf5 Nd5 45. fxg6 fxg6 46. Kg5 Rb4 47. Bg7 Ne7 48. Bf6 Nd5 49. Bd8+ Kb5 50. Rd1 Kc4 51. Kxg6 Nc3 52. Rf1 Rb8 53. Bf6 a3 54. Rc1 Rb3 55. h5 a2 56. Bxc3 Rxc3 57. Ra1 Rg3+ 58. Kf7 Kb3 59. h6 Rf3+ 60. Kg7 Rg3+ 61. Kf7 Rh3 62. Kg7 Rg3+ 63. Kf7 1/2-1/2


[Site "https://www.chess.com"]

[Event "Titled Tuesday Blitz February 28 Early 2023"]
[White "Necula, Iulian"]
[Black "Tiarks, Jann-Christian"]
[WhiteFideId "1232380"]
[BlackFideId "12951595"]
[WhiteElo "1790"]
[BlackElo "2194"]
[Result "1-0"]
[Round "06"]
[TimeControl "180+2"]
[Date "2023.02.28"]
[WhiteClock "0:01:12"]
[BlackClock "0:00:24"]

1. d4 c5 2. d5 d6 3. Nc3 e5 4. e4 Nf6 5. Bb5+ Nbd7 6. Nf3 Be7 7. a4 a6 8. Bc4 Nf8 9. O-O Ng6 10. Bg5 O-O 11. Bxf6 Bxf6 12. h3 Nf4 13. Ne2 Bg5 14. Ng3 Qf6 15. Nxg5 Qxg5 16. Kh2 Qh4 17. Rh1 Bd7 18. Kg1 b5 19. Be2 bxa4 20. Bg4 Bb5 21. Nf5 Qf6 22. g3 Ng6 23. h4 Ne7 24. Nxe7+ Qxe7 25. h5 h6 26. Bf5 Rab8 27. Rh4 Bd7 28. Qg4 Bxf5 29. Qxf5 Rxb2 30. Rg4 Kh8 31. Rxa4 Ra8 32. c4 Rb4 33. Ra3 Rxc4 34. Rf3 f6 35. Rg6 a5 36. g4 a4 37. g5 fxg5 38. Re6 Qd7 39. Rxh6+ gxh6 40. Qxd7 a3 41. Rf7 a2 42. Rh7+ Kg8 43. Qf7# 1-0


[Site "https://www.chess.com"]

[Event "Titled Tuesday Blitz February 28 Early 2023"]
[White "Pissama Ntsaou, Martial"]
[Black "Manon-og, Ramon Jr."]
[WhiteFideId "17400864"]
[BlackFideId "5200776"]
[WhiteElo "2039"]
[BlackElo "2337"]
[Result "1-0"]
[Round "06"]
[TimeControl "180+2"]
[Date "2023.02.28"]
[WhiteClock "0:00:53"]
[BlackClock "0:00:56"]

1. e4 c5 2. Nf3 d6 3. Bb5+ Nd7 4. a4 a6 5. Bc4 e6 6. O-O Be7 7. d4 cxd4 8. Qxd4 Ngf6 9. Be3 O-O 10. Rd1 b6 11. h3 Bb7 12. Be2 Nxe4 13. Nc3 Bf6 14. Qd3 Nxc3 15. bxc3 d5 16. Rab1 Nc5 17. Bxc5 bxc5 18. Rxb7 Qa5 19. Rdb1 Qxa4 20. Rc7 c4 21. Qe3 Qxc2 22. Rbb7 a5 23. Ne5 Bxe5 24. Qxe5 a4 25. Ra7 a3 26. Rxf7 Qg6 27. Rxg7+ 1-0


[Site "https://www.chess.com"]

[Event "Titled Tuesday Blitz February 28 Early 2023"]
[White "Qashashvili, Alexandre"]
[Black "Nan, M K Khine Hlyan"]
[WhiteFideId "13600842"]
[BlackFideId "13002899"]
[WhiteElo "2405"]
[BlackElo "1943"]
[Result "0-1"]
[Round "06"]
[TimeControl "180+2"]
[Date "2023.02.28"]
[WhiteClock "0:01:28"]
[BlackClock "0:00:48"]

1. e4 d6 2. Nc3 g6 3. Nf3 Bg7 4. d3 Nf6 5. Be3 c5 6. Qd2 a6 7. Bh6 Bxh6 8. Qxh6 b5 9. Ng5 b4 10. Nd5 Nxd5 11. exd5 Bb7 12. Qg7 Kd7 13. Qxf7 Rf8 14. Ne6 Rxf7 15. Nxd8 Kxd8 16. Be2 Bxd5 17. O-O Nd7 18. c4 Be6 19. Bf3 Rb8 20. a3 Ne5 21. Be4 Bf5 22. axb4 Bxe4 23. dxe4 Rxb4 24. Rxa6 Rxb2 25. f3 Nxc4 26. Rfa1 Ne3 27. Ra7 Rxg2+ 28. Kh1 Rxf3 29. Rb1 Ke8 30. Re1 Rgf2 31. e5 Rf1+ 32. Rxf1 Rxf1# 0-1


[Site "https://www.chess.com"]

[Event "Titled Tuesday Blitz February 28 Early 2023"]
[White "Shubenkova, Veronika"]
[Black "Castillo Pena, Patricia Evarista"]
[WhiteFideId "44124040"]
[BlackFideId "6412106"]
[WhiteElo "2027"]
[BlackElo "1919"]
[Result "1-0"]
[Round "06"]
[TimeControl "180+2"]
[Date "2023.02.28"]
[WhiteClock "0:01:49"]
[BlackClock "0:00:53"]

1. e4 c5 2. Nc3 Nc6 3. g3 g6 4. Bg2 Bg7 5. d3 d6 6. f4 Nf6 7. Nf3 O-O 8. O-O Rb8 9. Rb1 Bd7 10. h3 b5 11. Be3 a5 12. Ne2 b4 13. g4 a4 14. Ng3 e6 15. g5 Ne8 16. h4 b3 17. axb3 axb3 18. c3 Nc7 19. h5 h6 20. gxh6 Bxh6 21. hxg6 fxg6 22. Qe2 Qe7 23. Nh2 e5 24. f5 Bxe3+ 25. Qxe3 Qh4 26. Rf2 Ne7 27. Bh1 Ne8 28. Rg2 Nf6 29. fxg6 Ng4 30. Nxg4 Qxg4 31. g7 Rf3 32. Qe1 Qf4 33. Nh5 Qe3+ 34. Qxe3 Rxe3 35. Nf6+ Kf7 36. Nxd7 Rg8 37. Rf1+ Ke8 38. Nf6+ 1-0


[Site "https://www.chess.com"]

[Event "Titled Tuesday Blitz February 28 Early 2023"]
[White "Rosh Jain"]
[Black "Da Silva Borges, Rodrigo"]
[WhiteFideId "25789465"]
[BlackFideId "2115778"]
[WhiteElo "2233"]
[BlackElo "2099"]
[Result "1-0"]
[Round "06"]
[TimeControl "180+2"]
[Date "2023.02.28"]
[WhiteClock "0:00:12"]
[BlackClock "0:00:02"]

1. e4 c5 2. Nf3 d6 3. d4 cxd4 4. Nxd4 Nf6 5. Nc3 a6 6. Bg5 e6 7. Bc4 Qc7 8. Bb3 Nc6 9. O-O Be7 10. Bxf6 Bxf6 11. Nxc6 Qxc6 12. Re1 Bxc3 13. bxc3 Qxc3 14. Qxd6 Bd7 15. Rad1 Qc6 16. Qa3 Rc8 17. Re3 Qc5 18. Qb2 Ke7 19. Qxg7 Rcg8 20. Rxd7+ Kxd7 21. Qxf7+ Kc8 22. Bxe6+ Kb8 23. Qf4+ Ka7 24. Bxg8 Qxc2 25. g3 Rxg8 26. Qf7 Rd8 27. Qb3 Qc1+ 28. Kg2 Rd1 29. e5 Rg1+ 30. Kf3 Qc6+ 31. Kg4 Qg6+ 32. Kf4 Rf1 33. f3 Qh6+ 34. Ke4 Qg6+ 35. Kd5 Qf7+ 36. e6 Qc7 37. e7 Qc6+ 38. Ke5 Rc1 39. Kf4 Rc4+ 40. Re4 Qf6+ 41. Kg4 1-0


[Site "https://www.chess.com"]

[Event "Titled Tuesday Blitz February 28 Early 2023"]
[White "Kohler, Aran"]
[Black "lisjakzlatko1"]
[WhiteFideId "1002856"]
[WhiteElo "2247"]
[BlackElo "2155"]
[Result "0-1"]
[Round "06"]
[TimeControl "180+2"]
[Date "2023.02.28"]
[WhiteClock "0:00:01"]
[BlackClock "0:00:13"]

1. Nf3 d6 2. d4 Bg4 3. c4 Nd7 4. Nc3 e5 5. h3 Bh5 6. g4 Bg6 7. dxe5 dxe5 8. Bg2 c6 9. O-O Be7 10. e4 Ngf6 11. Re1 O-O 12. Nh4 h5 13. Nxg6 fxg6 14. g5 Nh7 15. h4 Rf7 16. Be3 Nhf8 17. Qb3 Qc7 18. Rad1 Nc5 19. Qc2 Nce6 20. Bf1 Nf4 21. c5 Qc8 22. Bxf4 Rxf4 23. Bg2 Rxh4 24. f3 Bxg5 25. Ne2 Kh7 26. Ng3 Qc7 27. Nf1 Qf7 28. b4 Ne6 29. Rd6 Nf4 30. Qd1 Bh6 31. Ng3 Qe7 32. Ne2 Nxg2 33. Kxg2 Qe6 34. Ng1 Qxa2+ 35. Re2 Qf7 36. Rd7 Qf6 37. Rxb7 Rf8 38. Qd3 Qg5+ 39. Kf1 Rh1 40. Rg2 Qc1+ 41. Kf2 Qb2+ 42. Kf1 Qa1+ 43. Kf2 h4 44. Rc7 h3 45. Rg3 h2 46. Ne2 Qf1# 0-1


[Site "https://www.chess.com"]

[Event "Titled Tuesday Blitz February 28 Early 2023"]
[White "Curtis, John"]
[Black "Larina, Maria"]
[WhiteFideId "3200256"]
[BlackFideId "24113182"]
[WhiteElo "2203"]
[BlackElo "1848"]
[Result "1-0"]
[Round "06"]
[TimeControl "180+2"]
[Date "2023.02.28"]
[WhiteClock "0:00:49"]
[BlackClock "0:00:01"]

1. d4 f5 2. Nf3 Nf6 3. g3 g6 4. Bg2 Bg7 5. c4 d6 6. Nc3 O-O 7. d5 c6 8. Nd4 Bd7 9. O-O Qe8 10. e4 fxe4 11. Nxe4 Nxe4 12. Bxe4 e5 13. dxe6 Bxe6 14. Nxe6 Qxe6 15. Bg2 Na6 16. Re1 Qxc4 17. Qxd6 Qc5 18. Qe6+ Kh8 19. Be3 Qb5 20. a4 Qxb2 21. Rab1 Qc3 22. Rec1 Qa5 23. Rxb7 Rae8 24. Qd7 Rg8 25. Bd4 Re1+ 26. Bf1 Bxd4 27. Qxd4+ Qe5 28. Qxa7 Rg7 29. Rxe1 Qxe1 30. Rxg7 1-0


[Site "https://www.chess.com"]

[Event "Titled Tuesday Blitz February 28 Early 2023"]
[White "Michalski, Olaf"]
[Black "Schroeder, Jan-Christian"]
[WhiteFideId "1106740"]
[BlackFideId "24662259"]
[WhiteElo "2173"]
[BlackElo "2556"]
[Result "0-1"]
[Round "06"]
[TimeControl "180+2"]
[Date "2023.02.28"]
[WhiteClock "0:00:05"]
[BlackClock "0:01:30"]

1. d4 Nf6 2. c4 e6 3. Nf3 c5 4. d5 exd5 5. cxd5 d6 6. Nc3 g6 7. Nd2 Bg7 8. Nc4 O-O 9. Bf4 Ne8 10. g3 b6 11. a4 Ba6 12. Nb5 Bxb5 13. axb5 Nd7 14. Bg2 g5 15. Bd2 Ne5 16. Nxe5 Bxe5 17. Bc3 Qf6 18. Ra3 Ng7 19. O-O Rfe8 20. e3 Re7 21. Qd3 h5 22. Rfa1 h4 23. Ra6 Bxc3 24. Qxc3 Qf5 25. Rxb6 h3 26. Bh1 axb6 27. Rxa8+ Kh7 28. e4 Qg6 29. Ra6 f5 30. Rxb6 fxe4 31. Rc6 e3 32. fxe3 Qb1+ 33. Kf2 Rf7+ 34. Bf3 Qe4 0-1


[Site "https://www.chess.com"]

[Event "Titled Tuesday Blitz February 28 Early 2023"]
[White "Tagliati, Eleonore"]
[Black "Gritsenko, Nikolai"]
[WhiteFideId "45172234"]
[BlackFideId "14112493"]
[WhiteElo "2223"]
[BlackElo "2389"]
[Result "0-1"]
[Round "06"]
[TimeControl "180+2"]
[Date "2023.02.28"]
[WhiteClock "0:00:17"]
[BlackClock "0:00:26"]

1. e4 d5 2. exd5 Nf6 3. Nf3 Nxd5 4. Be2 Nf4 5. O-O Nxe2+ 6. Qxe2 Nc6 7. c3 e6 8. d4 Be7 9. Bf4 O-O 10. Nbd2 b6 11. Ne4 Bb7 12. Rfe1 Re8 13. Rad1 Rc8 14. a3 h6 15. c4 Bf8 16. Nc3 Qf6 17. Bg3 Ne7 18. Ne5 Nf5 19. Ne4 Bxe4 20. Qxe4 c5 21. d5 exd5 22. Rxd5 Nxg3 23. hxg3 Re6 24. f4 Rce8 25. Qd3 Bd6 26. Qc3 Bxe5 27. Rexe5 Rxe5 28. Rxe5 Rxe5 29. fxe5 Qf5 30. Qe3 g5 31. b4 cxb4 32. axb4 Qb1+ 33. Kh2 Qxb4 34. e6 Qe7 35. exf7+ Kxf7 36. Qf3+ Kg7 37. Qd5 a5 38. Qb5 Qc7 39. Qa4 h5 40. Qe8 h4 41. Kh1 hxg3 42. Qe6 Qf4 43. Qe7+ Kg6 44. Qe8+ Qf7 45. Qe4+ Kh6 46. Qc6+ Kh5 0-1


[Site "https://www.chess.com"]

[Event "Titled Tuesday Blitz February 28 Early 2023"]
[White "Simonovic, Miroslav"]
[Black "Hirneise, Jens"]
[WhiteFideId "919152"]
[BlackFideId "24614734"]
[WhiteElo "2057"]
[BlackElo "2345"]
[Result "0-1"]
[Round "06"]
[TimeControl "180+2"]
[Date "2023.02.28"]
[WhiteClock "0:00:01"]
[BlackClock "0:00:08"]

1. d4 e5 2. c3 exd4 3. cxd4 Nf6 4. Nc3 d5 5. Bg5 Be7 6. h4 c6 7. g3 Nbd7 8. Bg2 Nf8 9. Nf3 Ne6 10. Bxf6 Bxf6 11. O-O O-O 12. Qd2 Re8 13. Rad1 b6 14. e4 dxe4 15. Nxe4 Bb7 16. Ne5 Rc8 17. Rfe1 g6 18. Nxf6+ Qxf6 19. h5 Qg5 20. hxg6 hxg6 21. Qc3 Nd8 22. Nc4 Rxe1+ 23. Rxe1 Ne6 24. Re5 Qd8 25. Re4 c5 26. d5 Bxd5 27. Rh4 Nd4 28. Qe3 Nf5 29. Qe5 Nxh4 30. Bxd5 Nf5 31. g4 Ne7 32. Bxf7+ Kxf7 33. Nd6+ Kg8 34. Qe6+ Kg7 35. Qf7+ Kh6 36. g5+ Kxg5 37. f4+ Kh6 38. Nxc8 Qd4+ 39. Kg2 Qd2+ 40. Kg3 Nxc8 0-1


[Site "https://www.chess.com"]

[Event "Titled Tuesday Blitz February 28 Early 2023"]
[White "Dilmukhametov, Artur"]
[Black "EdmundPlayer"]
[WhiteFideId "24179922"]
[WhiteElo "2199"]
[BlackElo "2191"]
[Result "0-1"]
[Round "06"]
[TimeControl "180+2"]
[Date "2023.02.28"]
[WhiteClock "0:02:03"]
[BlackClock "0:01:20"]

1. d4 Nf6 2. Nc3 d5 3. Bf4 a6 4. e3 c5 5. Bd3 Nc6 6. Nf3 Bg4 7. h3 Bh5 8. g4 Bg6 9. Ne5 Bxd3 10. Qxd3 e6 11. g5 Nxe5 12. Bxe5 Nd7 13. Bf4 Be7 14. h4 b5 15. Kd2 c4 16. Qf1 b4 17. Ne2 c3+ 18. bxc3 bxc3+ 19. Nxc3 Bb4 20. a3 Bxc3+ 21. Kxc3 Qa5+ 22. Kd3 Rc8 23. Qe1 Qb5+ 24. Kd2 Nb6 25. Ra2 Nc4+ 26. Kd1 Qb1+ 27. Ke2 Qxa2 28. Qd1 Nxa3 0-1


[Site "https://www.chess.com"]

[Event "Titled Tuesday Blitz February 28 Early 2023"]
[White "Mendez Machado, Andre"]
[Black "Fernandez Hernandez, Gerardo"]
[WhiteFideId "6603793"]
[BlackFideId "2207400"]
[WhiteElo "1989"]
[BlackElo "2184"]
[Result "0-1"]
[Round "06"]
[TimeControl "180+2"]
[Date "2023.02.28"]
[WhiteClock "0:01:46"]
[BlackClock "0:01:10"]

1. e4 e6 2. d4 d5 3. Nd2 Nc6 4. Ngf3 Nf6 5. e5 Nd7 6. c3 f6 7. exf6 Qxf6 8. Bd3 Bd6 9. O-O O-O 10. b4 e5 11. b5 Ne7 12. dxe5 Nxe5 13. Nxe5 Qxe5 14. g3 Qxc3 15. Nb3 Bh3 16. Re1 Rae8 17. Bd2 Qxd3 18. Re3 Qf5 19. Nd4 Qxf2+ 0-1


[Site "https://www.chess.com"]

[Event "Titled Tuesday Blitz February 28 Early 2023"]
[White "Tarnowska, Aleksandra"]
[Black "Einarsson, Halldor Gretar"]
[WhiteFideId "1180967"]
[BlackFideId "2300150"]
[WhiteElo "1776"]
[BlackElo "2126"]
[Result "0-1"]
[Round "06"]
[TimeControl "180+2"]
[Date "2023.02.28"]
[WhiteClock "0:00:04"]
[BlackClock "0:00:13"]

1. e4 c5 2. Nf3 Nc6 3. Bb5 g6 4. O-O Bg7 5. c3 Nf6 6. e5 Nd5 7. d4 cxd4 8. cxd4 O-O 9. Nc3 Nc7 10. Ba4 d5 11. Be3 a6 12. a3 b5 13. Bc2 Na5 14. h3 h6 15. Bd3 Be6 16. Qd2 Nb3 17. Qe2 Nxa1 18. Rxa1 Qd7 19. Qd2 Kh7 20. Ne2 Bf5 21. Bxf5 Qxf5 22. Ng3 Qd7 23. Qd3 Ne6 24. Nh5 Bh8 25. Ng3 Rfc8 26. Nh2 Bg7 27. Ng4 Rc6 28. Qd2 h5 29. Nh6 Bxh6 30. Bxh6 Nxd4 31. Qxd4 Kxh6 32. Qf4+ Kg7 33. Qg5 Kh7 34. Qf4 Qe6 35. Re1 Rac8 36. Kh2 Rc2 37. b4 R8c4 38. Qe3 R2c3 39. Qg5 Rxa3 40. Ne2 Re4 41. Nf4 Qf5 42. Qxf5 gxf5 43. Ne2 Ra2 44. Rd1 Raxe2 45. Rxd5 Rxf2 46. Rd7 Ree2 47. Rxe7 Rxg2+ 48. Kh1 Kg6 49. h4 Rg4 50. Re8 Rxb4 51. Kg1 Rb1# 0-1


[Site "https://www.chess.com"]

[Event "Titled Tuesday Blitz February 28 Early 2023"]
[White "Bashirli, Saadat"]
[Black "parintele_chess"]
[WhiteFideId "13429990"]
[WhiteElo "1408"]
[BlackElo "2229"]
[Result "0-1"]
[Round "06"]
[TimeControl "180+2"]
[Date "2023.02.28"]
[WhiteClock "0:00:08"]
[BlackClock "0:00:20"]

1. e4 e5 2. Nf3 Nc6 3. Bc4 Nf6 4. d3 Bc5 5. c3 d6 6. Nbd2 h6 7. O-O O-O 8. Bb3 a6 9. Re1 Re8 10. Nf1 Be6 11. Be3 Bxe3 12. Nxe3 d5 13. exd5 Nxd5 14. Nc4 Nf4 15. Ncxe5 Nxe5 16. Nxe5 Qg5 17. Qf3 Bxb3 18. axb3 Rxe5 19. Qxb7 Rae8 20. Rxe5 Rxe5 21. d4 Re2 22. Kf1 Rxb2 23. Qa8+ Kh7 24. Qe4+ f5 25. Qf3 Ng6 26. g3 f4 27. h4 Qf5 28. Rxa6 Qh3+ 29. Ke1 fxg3 30. fxg3 Qh2 31. Qe3 Rb1+ 32. Qc1 Rxc1# 0-1


[Site "https://www.chess.com"]

[Event "Titled Tuesday Blitz February 28 Early 2023"]
[White "Nakamura, Hikaru"]
[Black "Carlsen, Magnus"]
[WhiteFideId "2016192"]
[BlackFideId "1503014"]
[WhiteElo "2879"]
[BlackElo "2852"]
[Result "1/2-1/2"]
[Round "07"]
[TimeControl "180+2"]
[Date "2023.02.28"]
[WhiteClock "0:01:41"]
[BlackClock "0:02:01"]

1. a3 d5 2. Nf3 a6 3. d4 Nf6 4. Bf4 e6 5. e3 Bd6 6. Nbd2 c5 7. Bxd6 Qxd6 8. dxc5 Qxc5 9. c4 O-O 10. Rc1 Rd8 11. Be2 dxc4 12. Rxc4 Qe7 13. O-O b5 14. Rc2 Bb7 15. Qc1 Nbd7 16. Nd4 Rac8 17. Bf3 Rxc2 18. Qxc2 Rc8 19. Qb1 Ne5 20. Bxb7 Qxb7 21. Rc1 h6 22. h3 1/2-1/2


[Site "https://www.chess.com"]

[Event "Titled Tuesday Blitz February 28 Early 2023"]
[White "Paravyan, David"]
[Black "Lazavik, Denis"]
[WhiteFideId "4194985"]
[BlackFideId "13515110"]
[WhiteElo "2577"]
[BlackElo "2560"]
[Result "0-1"]
[Round "07"]
[TimeControl "180+2"]
[Date "2023.02.28"]
[WhiteClock "0:00:02"]
[BlackClock "0:00:16"]

1. e4 e5 2. Nf3 Nc6 3. Bb5 Nf6 4. O-O Nxe4 5. Re1 Nd6 6. Nxe5 Be7 7. Bf1 Nxe5 8. Rxe5 O-O 9. Nc3 Bf6 10. Re1 Re8 11. Nd5 Rxe1 12. Qxe1 b6 13. d3 Bb7 14. Nxf6+ Qxf6 15. Qb4 c5 16. Qf4 Qxf4 17. Bxf4 Nf5 18. Re1 f6 19. c3 Kf7 20. f3 g5 21. Bd2 h5 22. Kf2 h4 23. Be2 Bd5 24. a3 Rg8 25. Bd1 Be6 26. Bc2 Ne7 27. b4 Rc8 28. b5 a5 29. bxa6 Ra8 30. Rb1 Rxa6 31. a4 d6 32. f4 g4 33. c4 Nf5 34. Bc3 Bd7 35. Ra1 Bc6 36. g3 hxg3+ 37. hxg3 Ra8 38. Bd1 Rh8 39. Bxg4 Rh2+ 40. Ke1 Ne3 41. Bd1 Bd7 42. a5 bxa5 43. Bxa5 Bg4 44. Bxg4 Nc2+ 45. Kf1 Nxa1 46. Bf3 Nc2 47. Bd8 Ne3+ 48. Ke1 Nf5 49. Bd5+ Kg7 50. g4 Ne3 51. Bf3 Kf7 52. g5 fxg5 53. Bxg5 Ke6 54. Be4 Ra2 55. Bh6 Nf5 56. Bg5 Nd4 57. Kf1 Rc2 58. Bh6 Nf5 59. Bf8 Ng3+ 60. Kg1 Nxe4 61. dxe4 Rxc4 62. f5+ Kd7 63. e5 dxe5 64. f6 Rf4 65. Bxc5 Rxf6 66. Kg2 Rf5 67. Kg3 Ke6 68. Kg4 Rf4+ 69. Kg3 Kf5 70. Ba7 Ra4 71. Bb6 Ra3+ 72. Kf2 Kf4 73. Ke2 Ra2+ 74. Ke1 Kf3 0-1


[Site "https://www.chess.com"]

[Event "Titled Tuesday Blitz February 28 Early 2023"]
[White "Erigaisi Arjun"]
[Black "Bacrot, Etienne"]
[WhiteFideId "35009192"]
[BlackFideId "605506"]
[WhiteElo "2737"]
[BlackElo "2667"]
[Result "0-1"]
[Round "07"]
[TimeControl "180+2"]
[Date "2023.02.28"]
[WhiteClock "0:00:18"]
[BlackClock "0:00:29"]

1. c4 c6 2. Nf3 d5 3. e3 Nf6 4. Nc3 a6 5. b3 Bf5 6. Bb2 e6 7. Be2 h6 8. O-O Nbd7 9. d4 Bd6 10. Bd3 Ne4 11. Qc2 Ndf6 12. Ne5 O-O 13. f3 Nxc3 14. Bxf5 exf5 15. Bxc3 Qc8 16. c5 Bc7 17. Nd3 Qd7 18. b4 Rae8 19. Rae1 Re7 20. a4 Rfe8 21. Ne5 Qc8 22. Qf2 Nd7 23. Nd3 Qb8 24. g3 Nf8 25. Re2 g5 26. Rb1 Ng6 27. b5 axb5 28. axb5 Qc8 29. Ree1 cxb5 30. Rxb5 f4 31. exf4 Qf5 32. Rxe7 Rxe7 33. Ne5 Bxe5 34. dxe5 Qd3 35. Rb3 Qd1+ 36. Kg2 Qxb3 37. Qd4 Qc4 0-1


[Site "https://www.chess.com"]